 Dungeon Crawl Stone Soup version 0.26.1-11-gd32895ea62 (webtiles) character file.

Game seed: 5962995818957541277

97 Destapler the Skirmisher (level 4, -3/35 HPs)
             Began as a Demonspawn Abyssal Knight on July 11, 2021.
             Was a Believer of Lugonu.
             Slain by Sigmund
             ... wielding a +0 scythe
              (9 damage)
             ... on level 3 of the Dungeon.
             The game lasted 00:04:55 (2679 turns).

Destapler the Skirmisher (DsAK)                     Turns: 2679, Time: 00:04:56

Health: -3/35      AC: 11    Str: 11 (13) XL:     4   Next: 42%
Magic:  6/6        EV: 11    Int: 13 (14) God:    Lugonu [**....]
Gold:   128        SH:  0    Dex:  9 (12) Spells: 3/3 levels left

rFire    . . .     SeeInvis .   a - +1 mace
rCold    . . .     Faith    +   (no shield)
rNeg     . . .     Spirit   .   b - +0 leather armour
rPois    .         Reflect  .   (no helmet)
rElec    .         Harm     .   (no cloak)
rCorr    .         Rampage  .   (no gloves)
Will     .....                  m - +0 pair of boots
Stlth    +.........             f - amulet of faith
HPRegen  0.11/turn              g - ring of flight
MPRegen  0.10/turn              w - +4 ring of protection

@: mighty, brilliant, flying
A: icy blue scales 2, spiny 1
a: Renounce Religion, Depart the Abyss, Bend Space


You were on level 3 of the Dungeon.
You worshipped Lugonu.
Lugonu was pleased with you.
You visited 1 branch of the dungeon, and saw 4 of its levels.
You visited the Abyss 1 time.

You collected 128 gold pieces.

Inventory:

Hand Weapons
 a - a +1 mace (weapon)
Missiles
 v - 15 poisoned darts
Armour
 b - a +0 leather armour (worn)
 m - a +0 pair of boots (worn)
Jewellery
 f - an amulet of faith (around neck)
 g - a ring of flight (left hand)
 k - an uncursed ring of ice
 w - a +4 ring of protection (right hand)
Scrolls
 c - a scroll of teleportation {unknown}
 d - 7 scrolls of identify {unknown}
 h - a scroll of enchant armour {unknown}
 j - a scroll of fog {unknown}
 o - 2 scrolls of enchant weapon {unknown}
 p - a scroll of remove curse {unknown}
 q - 2 scrolls of amnesia {unknown}
 s - a scroll of fear {unknown}
Potions
 n - 2 potions of degeneration


   Skills:
 + Level 3.5 Fighting
 + Level 2.4 Maces & Flails
 + Level 2.4 Armour
 + Level 1.8 Dodging
 + Level 3.4 Invocations


You had 3 spell levels left.
You didn't know any spells.
Your spell library was empty.

Dungeon Overview and Level Annotations

Branches:
Dungeon (4/15)
 Temple: D:4-7

Altars:

Annotations:
D:3 Jessica, Sigmund


Innate Abilities, Weirdness & Mutations

You are mostly covered in icy blue scales. (AC +3)
You are partially covered in sharp spines.


Message History

Sigmund casts a spell at you.
You are more confused.
Found a runed leather armour.
Sigmund gestures at himself while chanting.
Sigmund flickers and vanishes!
Deactivating autopickup; reactivate with Ctrl-A.
Something hits you but does no damage. Something hits you.
You hit something. Something hits you but does no damage.
You're too confused to move!
Something hits you.
You closely miss something. Something hits you.
You miss something. Something hits you!
* * * LOW HITPOINT WARNING * * *
You're too confused to move!
You feel less confused. Something hits you but does no damage.
Okay, then.
Something hits you!
You die...

..##.# .###.# #. ## #.#
#. # ####.# #. .# .>...#
#####.#######.###
###<........[.#..........
### #........####
##.#..........
#...@.....### #
#.#..####.# # #.#[.# .# #
######.#..#.... #
..........(.....# ####
#######.#.......# ...#
#.#.#.....# ##.#
#....#....# #.#
#?.....#..#


There were no monsters in sight!

Vanquished Creatures
  5 adders (D:2)
  A worm (D:2)
  2 dart slugs
  3 giant cockroaches (D:2)
  8 goblins
  7 hobgoblins
  8 kobolds
  A quokka (D:2)
  A ball python (D:2)
  3 bats
  2 frilled lizards (D:2)
  5 rats
46 creatures vanquished.

Notes
Turn   | Place    | Note
-------+----------+-------------------------------------------
     0 | Abyss:1  | Destapler the Demonspawn Abyssal Knight began the quest for
                  | the Orb.
     0 | Abyss:1  | Reached XP level 1. HP: 18/18 MP: 2/2
    51 | Abyss:2  | Noticed an orange demon
    53 | D:1      | Escaped the Abyss
   164 | D:1      | Reached skill level 1 in Dodging
   610 | D:1      | Gained mutation: You are partially covered in icy blue
                  | scales. (AC +2) [demonic ancestry]
   610 | D:1      | Reached XP level 2. HP: 21/24 MP: 4/4
  1163 | D:2      | Reached * piety under Lugonu
  1403 | D:2      | Gained mutation: You are partially covered in sharp spines.
                  | [demonic ancestry]
  1403 | D:2      | Reached XP level 3. HP: 29/29 MP: 5/5
  1883 | D:2      | Gained mutation: You are mostly covered in icy blue scales.
                  | (AC +3) [demonic ancestry]
  1883 | D:2      | Reached XP level 4. HP: 35/35 MP: 6/6
  2360 | D:3      | Noticed Jessica
  2469 | D:3      | You fall into a shaft and drop 1 floor!
  2479 | D:3      | Noticed Sigmund
  2620 | D:4      | Reached ** piety under Lugonu
  2679 | D:3      | Slain by Sigmund

Illustrated notes

Levels and vault maps discovered:
D:1:      dpeg_arrival_orchard, layout_loops_corners
D:2:      minmay_thinvault, layout_rooms
D:3:      layout_loops_ring, uniq_sigmund, uniq_jessica
D:4:      layout_rooms, serial_shops, shop, uniq_pikel, uniq_robin

Skill      XL: |  1  2 |
---------------+-------+-----
Dodging        | 1 |  1.8
Maces & Flails | 2 |  2.4
Armour         | 2 |  2.4
Invocations    | 3 |  3.4
Fighting       | |  3.5

Action                   |  1- 3 |  4- 6 || total
-------------------------+-------+-------++-------
Melee: Mace              |    73 |    41 ||   114
Invok: Depart the Abyss  |     1 |       ||     1
  Use: Potion            |       |     7 ||     7
Armor: Leather armour    |    27 |    18 ||    45
Dodge: Dodged            |    49 |    32 ||    81
